 Dungeon Crawl Stone Soup version 0.29.1-1-gd02db6906a (webtiles) character file.

Game seed: 945928583517081131

2105 lonewolfV2 the Blocker (level 9, -1/81 HPs)
             Began as a Minotaur Fighter on Oct 17, 2022.
             Was a Priest of Okawaru.
             Killed from afar by a steam dragon (10 damage)
             ... with a ball of steam
             ... on level 7 of the Dungeon.
             The game lasted 00:07:24 (6499 turns).

lonewolfV2 the Blocker (Minotaur Fighter)           Turns: 6499, Time: 00:07:25

Health: -1/81      AC: 10    Str: 24    XL:     9   Next: 7%
Magic:  6/8        EV: 11    Int:  5    God:    Okawaru [***...]
Gold:   396        SH:  7    Dex: 11    Spells: 8/8 levels left

rFire   . . .      SeeInvis .   r - +2 hand axe (vamp)
rCold   . . .      Faith    +   c - +0 buckler
rNeg    . . .      Spirit   .   b - +1 scale mail
rPois   .          Reflect  .   (helmet restricted)
rElec   .          Harm     .   (no cloak)
rCorr   .          Rampage  .   (no gloves)
Will    .....                   (no boots)
Stlth   +.........              p - amulet of faith
HPRegen 0.23/turn               (no ring)
MPRegen 0.11/turn               (no ring)

@: heroic
A: horns 2, retaliatory headbutt
a: Renounce Religion, Heroism


You were on level 7 of the Dungeon.
You worshipped Okawaru.
Okawaru was most pleased with you.
You visited 2 branches of the dungeon, and saw 8 of its levels.

You collected 396 gold pieces.

Inventory:

Hand Weapons
 a - a +1 war axe
 r - a +2 vampiric hand axe (weapon)
Missiles
 j - a throwing net (quivered)
Armour
 b - a +1 scale mail (worn)
 c - a +0 buckler (worn)
Jewellery
 p - an amulet of faith (around neck)
Wands
 f - a wand of polymorph (7)
 s - a wand of mindburst (4)
Scrolls
 g - 3 scrolls of teleportation
 l - a scroll of silence {unknown}
 q - a scroll of identify
Potions
 d - 2 potions of might
 e - 2 potions of invisibility {unknown}
 h - 2 potions of attraction
 i - a potion of haste {unknown}
 k - 3 potions of heal wounds
 m - a potion of lignification
 n - 2 potions of ambrosia
 o - 2 potions of cancellation {unknown}
 t - 4 potions of curing {unknown}
 u - a potion of flight {unknown}
 v - a potion of magic {unknown}


   Skills:
 + Level 8.0(13.0) Fighting
 + Level 7.5(12.5) Axes
 + Level 8.0(13.0) Armour
 + Level 8.1(13.1) Shields


You had 8 spell levels left.
You didn't know any spells.
Your spell library contained the following spells:

 Spells                   Type           Power      Damage    Failure   Level
 Foxfire                  Conj/Fire      0%         2x1d4     77%         1
 Confusing Touch          Hex            0%         N/A       98%         3
 Conjure Flame            Conj/Fire      0%         6-21      98%         3
 Inner Flame              Hex/Fire       0%         N/A       98%         3
 Flame Wave               Conj/Fire      0%         2d4       100%        4
 Fulminant Prism          Conj/Hex       0%         3d6       100%        4
 Iskenderun's Mystic Bla  Conj/Tloc      0%         2d3       100%        4
 Lee's Rapid Deconstruct  Erth           0%         3d5*      100%        5
 Yara's Violent Unravell  Hex/Tmut       0%         3d3       100%        5
 Enfeeble                 Hex            0%         N/A       100%        7


Dungeon Overview and Level Annotations

Branches:
Dungeon (7/15)             Temple (1/1) D:6

Altars:
Ashenzari
Cheibriados
Dithmenos
Elyvilon
Fedhas
Gozag
Hepliaklqana
Kikubaaqudgha
Nemelex Xobeh
Okawaru
Trog
Vehumet
Xom
Yredelemnul
Zin
The Shining One


Innate Abilities, Weirdness & Mutations

You have a pair of horns on your head.
You reflexively headbutt those who attack you in melee.


Message History

You block the steam dragon's attack.
The steam dragon claws you but does no damage.
You slash the steam dragon!
You headbutt the steam dragon, but do no damage.
The steam dragon is heavily wounded.
The steam dragon bites you but does no damage.
The steam dragon claws you but does no damage.
You hit the steam dragon but do no damage.
The steam dragon is heavily wounded.
The steam dragon breathes steam at you. The ball of steam hits you!
You hit the steam dragon but do no damage.
Your headbutt misses the steam dragon.
The steam dragon is heavily wounded.
You are engulfed in a cloud of scalding steam.
The steam dragon bites you.
The steam dragon claws you but does no damage.
You barely miss the steam dragon.
The steam dragon is heavily wounded.
You are engulfed in a cloud of scalding steam.
* * * LOW HITPOINT WARNING * * *
You hit the steam dragon.
You headbutt the steam dragon, but do no damage.
The steam dragon is severely wounded.
The steam dragon bites you!
* * * LOW HITPOINT WARNING * * *
The steam dragon barely misses you.
You barely miss the steam dragon. Your headbutt misses the steam dragon.
The steam dragon is severely wounded.
The steam dragon bites you.
* * * LOW HITPOINT WARNING * * *
The steam dragon claws you.
* * * LOW HITPOINT WARNING * * *
You gain the combat prowess of a mighty hero.
You block the steam dragon's attack. x2
You barely miss the steam dragon.
The steam dragon is severely wounded.
The steam dragon breathes steam at you. The ball of steam hits you!
You die...

....#.# ##...##
...#.# #.....#####
#..#.# #.....#...#
#..#.# .....#...#
#..... ##...##...#
##)#.#
#.....#...######)#..
#..D..#............#
#..@..#..........#.#
##...##...########..
##.##.....# ###
#.........# #..
#.........# #.#
###...###.# #.#
##.####.#######.#
#..............#
#####†##########


You could see a steam dragon (catching breath).

Vanquished Creatures
  A wraith (D:6)
  3 black bears
  An ice beast (D:7)
  A sky beast (D:7)
  3 ogres
  A bullfrog (D:7)
  A scorpion (D:5)
  2 necrophages
  A wyvern zombie (D:7)
  7 wights (D:7)
  A howler monkey (D:6)
  A centaur zombie (D:7)
  2 orc priests
  A human zombie (D:7)
  A hound (D:5)
  2 iguanas
  3 orc wizards (D:6)
  2 killer bee zombies (D:7)
  2 mummies (D:7)
  A howler monkey zombie (D:7)
  Robin (D:2)
  12 adders
  2 white imps
  A worm (D:3)
  2 dart slugs (D:2)
  19 orcs
  3 ball pythons (D:1)
  5 endoplasms
  4 giant cockroaches
  5 goblins
  9 hobgoblins
  3 quokkas
  2 bats
  2 frilled lizards (D:1)
  4 kobolds
  3 rats
114 creatures vanquished.

Notes
Turn   | Place    | Note
-------+----------+-------------------------------------------
     0 | D:1      | lonewolfV2 the Minotaur Fighter began the quest for the
                  | Orb.
     0 | D:1      | Reached XP level 1. HP: 19/19 MP: 0/0
   386 | D:1      | Found a faded altar of an unknown god.
   500 | D:1      | Reached XP level 2. HP: 27/27 MP: 1/1
  1172 | D:2      | Reached XP level 3. HP: 33/33 MP: 2/2
  1597 | D:2      | Noticed Robin
  1611 | D:2      | Killed Robin
  1612 | D:2      | Reached XP level 4. HP: 33/41 MP: 3/3
  2178 | D:3      | Found a glowing golden altar of the Shining One.
  2333 | D:3      | Found an ancient bone altar of Kikubaaqudgha.
  2437 | D:3      | Found a broken altar of Ashenzari.
  2799 | D:4      | Noticed a black bear
  2804 | D:4      | Reached XP level 5. HP: 42/47 MP: 4/4
  2811 | D:4      | Killed a black bear
  2812 | D:4      | Reached skill level 5 in Fighting
  2812 | D:4      | Reached skill level 5 in Shields
  2844 | D:4      | Reached skill level 5 in Armour
  3244 | D:4      | Reached XP level 6. HP: 55/56 MP: 5/5
  3272 | D:4      | Found a white marble altar of Elyvilon.
  3411 | D:5      | Entered Level 5 of the Dungeon
  3958 | D:5      | Reached skill level 5 in Axes
  3958 | D:5      | Reached XP level 7. HP: 42/62 MP: 6/6
  4120 | D:5      | Identified the +4 sling "Vosustri" {vorpal, rElec rPois rF+
                  | rC-}
  4533 | D:6      | Found a staircase to the Ecumenical Temple.
  4726 | Temple   | Entered the Ecumenical Temple
  4902 | Temple   | Became a worshipper of Warmaster Okawaru
  5275 | D:6      | Noticed a wraith
  5281 | D:6      | Reached * piety under Okawaru
  5287 | D:6      | Killed a wraith
  5288 | D:6      | Reached XP level 8. HP: 57/71 MP: 7/7
  5460 | D:7      | Reached ** piety under Okawaru
  5805 | D:7      | Found a basalt altar of Yredelemnul.
  6128 | D:7      | Reached *** piety under Okawaru
  6324 | D:7      | Reached XP level 9. HP: 81/81 MP: 8/8
  6499 | D:7      | Killed from afar by a steam dragon

Illustrated notes

Levels and vault maps discovered:
D:1:      roderic_chinese_lattice_arrival, layout_loops_corners,
          ebering_ecumenical_altar_box
D:2:      layout_loops_ring, serial_aquarium, aquarium_bridge_square
          [aquarium_subvault_bridge, aquarium_subvault_wall,
          aquarium_subvault_bridge, aquarium_subvault_wall],
          aquarium_window_fake, aquarium_window_fake, aquarium_view_2d,
          aquarium_balcony_3b, uniq_robin
D:3:      layout_basic, mainiacjoe_overflow_alcove_1,
          mainiacjoe_overflow_24_doors, nicolae_ashenzari_panopticon
D:4:      layout_cave_pools, mainiacjoe_overflow_concentric_impassable,
          nicolae_figureground_sparkle
D:5:      layout_loops_corners, minmay_misc_feat_pillars
D:6:      layout_rooms, minmay_temple_entry_slanted,
          minmay_fractal_squares_gapless_5
D:7:      layout_basic, marbit_many_paths, lemuel_mausoleum_altar_yredelemnul,
          enter_bailey_3
Temple:   chequers_temple_sunken

Skill      XL: |  1  2  3  4  5  6  7  8  9 |
---------------+----------------------------+-----
Fighting       | 4 5 6 8 |  8.0
Axes           | 3 4 5 6 7 |  7.5
Armour         | 4 5 6 7 8 |  8.0
Shields        | 4 5 6 8 |  8.1

Action                   |  1- 3 |  4- 6 |  7- 9 || total
-------------------------+-------+-------+-------++-------
Melee: War axe           |    82 |    73 |    28 ||   183
       Headbutt          |    11 |    16 |    52 ||    79
       Hand axe          |       |       |   204 ||   204
Invok: Heroism           |       |       |     1 ||     1
  Use: Scroll            |       |     7 |     4 ||    11
Armor: Scale mail        |    43 |    37 |    82 ||   162
Dodge: Dodged            |    54 |    30 |    92 ||   176
Block: Buckler           |    28 |    18 |    43 ||    89
